Map: [ESL] Goldenaura

Players

NightPhoenix

  • Race: Protoss Protoss
  • Spawn Location: 12:00

SKillous - Winner!

  • Race: Protoss Protoss
  • Spawn Location: 5:00

Event: ESL SC2 Masters 2023 Winter (Regional)

VOD

Have the link to the VOD?

Description

Time

  • Played on: Oct. 26, 2023, 11:28 a.m.
  • Length: 8:33

All games in this series

Show
View Real Time Build Order
Export as new Build Order

NightPhoenix Protoss 

Build Orders: Blink Stalkers 

Get SALT Encoding   

  12  0:00  Probe  
  13  0:12  Probe  
  14  0:17  Pylon  
  14  0:24  Probe (Chrono Boost)  
  15  0:36  Probe (Chrono Boost)  
  15  0:37  Gateway  
  16  0:45  Probe (Chrono Boost)  
  16  0:46  Assimilator  
  17  0:51  Probe  
  17  0:55  Assimilator  
  18  1:03  Probe (Chrono Boost)  
  19  1:08  Gateway  
  20  1:12  Probe (Chrono Boost)  
  20  1:17  Probe (Chrono Boost)  
  20  1:24  Cybernetics Core  
  21  1:29  Probe  
  22  1:37  Pylon  
  22  1:41  Probe  
  23  1:55  Probe  
  24  2:01  Stalker x2  
  24  2:07  Probe, Warp Gate  
  29  2:13  Pylon  
  29  2:31  Adept x2  
  29  2:35  Twilight Council  
  32  2:48  Gateway  
  32  3:04  Shield Battery  
  32  3:06  Shield Battery  
  32  3:09  Blink (Chrono Boost)  
  32  3:31  Gateway  
  32  3:43  Pylon  
  32  3:50  Shield Battery  
  32  3:56  Stalker x3  
  38  4:03  Pylon  
  38  4:20  Stalker x3  
  44  4:26  Stalker  
  46  4:43  Stalker x2  
  46  4:45  Stalker  
  52  4:53  Stalker  
  52  4:59  Pylon  
  52  5:34  Stalker x4  
  54  5:56  Nexus  
  54  6:24  Stalker x3  
  60  6:28  Stalker  
  62  6:34  Pylon  
  62  6:46  Probe (Chrono Boost)  
  59  6:54  Sentry  
  59  6:55  Sentry  
  59  6:56  Sentry  
  59  6:59  Probe (Chrono Boost)  
  66  7:06  Probe (Chrono Boost)  
  67  7:11  Probe (Chrono Boost)  
  68  7:16  Probe  
  69  7:23  Stalker  
  69  7:24  Stalker  
  61  7:50  Stalker x2  
  61  7:51  Stalker  
  43  8:19  Stalker x4  
Show
View Real Time Build Order
Export as new Build Order

SKillous Protoss - Winner!

Build Orders: Blink Stalkers 

Get SALT Encoding   

  12  0:00  Probe  
  13  0:12  Probe  
  14  0:17  Pylon  
  14  0:24  Probe (Chrono Boost)  
  15  0:36  Gateway, Probe (Chrono Boost)  
  16  0:44  Probe (Chrono Boost)  
  16  0:46  Assimilator  
  17  0:50  Probe  
  17  0:54  Assimilator  
  18  1:03  Probe (Chrono Boost)  
  19  1:08  Gateway  
  20  1:12  Probe (Chrono Boost)  
  20  1:17  Probe (Chrono Boost)  
  20  1:24  Cybernetics Core  
  21  1:29  Probe  
  22  1:37  Pylon  
  22  1:41  Probe  
  23  1:55  Probe  
  23  2:01  Warp Gate, Adept x2  
  28  2:11  Pylon  
  28  2:22  Pylon  
  28  2:31  Stalker  
  28  2:32  Stalker  
  32  2:37  Twilight Council  
  32  3:04  Stalker x2  
  36  3:09  Blink (Chrono Boost), Shield Battery  
  36  3:17  Pylon  
  36  3:28  Probe  
  37  3:38  Gateway  
  37  3:40  Probe  
  38  3:50  Stalker x2  
  41  4:04  Robotics Facility  
  40  4:12  Shield Battery  
  40  4:16  Stalker x2  
  44  4:24  Pylon  
  42  4:38  Stalker  
  42  4:39  Stalker  
  42  4:42  Pylon  
  42  4:45  Stalker  
  47  5:01  Immortal  
  51  5:08  Stalker  
  51  5:23  Stalker x2  
  53  5:32  Stalker  
  51  5:44  Immortal (Chrono Boost)  
  55  5:55  Stalker  
  55  6:05  Stalker  
  57  6:19  Stalker  
  59  6:26  Stalker  
  61  6:33  Pylon  
  59  6:57  Stalker x3  
  65  7:21  Stalker x3  
  71  7:27  Pylon  
  65  7:51  Stalker x3  
  69  8:01  Warp Prism (Chrono Boost)  
  55  8:22  Stalker x3  
Tags
 
Add a new tag
Caveats
  • Supply blocks, unpowered buildings, or Contaminate may cause inaccurate times.
  • Supply counts are checked every 10 seconds.